 Dungeon Crawl Stone Soup version 0.27-a0-1140-g099f9bb0e8 (webtiles) character file.

Game seed: 6634049274176982043

708 Zeld the Chucker (level 7, -1/49 HPs)
             Began as an Octopode Fighter on May 9, 2021.
             Slain by a gnoll
             ... wielding a +0 spear
              (7 damage)
             ... on level 5 of the Dungeon.
             The game lasted 00:08:18 (7221 turns).

Zeld the Chucker (Octopode Fighter)                 Turns: 7221, Time: 00:08:19

Health: -1/49      AC:  1    Str: 24    XL:     7   Next: 67%
Magic:  7/7        EV: 13    Int: 10    God:
Gold:   40         SH:  0    Dex: 11    Spells: 6/6 levels left

rFire    . . .     SeeInvis .   a - +2 war axe
rCold    . . .     Faith    .   (no shield)
rNeg     . . .     Spirit   .   (helmet restricted)
rPois    .         Reflect  .   (no amulet)
rElec    .         Harm     .   n - ring of resist corrosion
rCorr    +         Rampage  .   o - ring of flight
Will     .....                  p - +6 ring of strength
Stlth    +.........             (no ring)
HPRegen  0.16/turn              (no ring)
MPRegen  0.10/turn              (no ring)
                                (no ring)
                                (no ring)

@: lit by a corona, flying, glowing
A: almost no armour, amphibious, 8 rings, camouflage 1, gelatinous body 1,
(nimble swimmer 1), tentacles
a: no special abilities


You were on level 5 of the Dungeon.
You visited 1 branch of the dungeon, and saw 5 of its levels.
You also visited: Ossuary.

You collected 194 gold pieces.
You spent 154 gold pieces at shops.

Inventory:

Hand Weapons
 a - a +2 war axe (weapon)
Missiles
 i - 5 poisoned darts (quivered)
Jewellery
 n - a ring of resist corrosion (left tentacle)
 o - a ring of flight (right tentacle)
 p - a +6 ring of strength (on tentacle)
Wands
 c - a wand of flame (19)
 k - a wand of charming (6)
Scrolls
 b - 2 scrolls of identify
 f - 5 scrolls of teleportation
 g - a scroll of enchant armour
 l - 3 scrolls of amnesia
 q - a scroll of blinking
Potions
 d - 3 potions of curing
 e - 3 potions of attraction {unknown}
 h - a potion of flight {unknown}
 j - a potion of haste {unknown}
 m - 2 potions of lignification {unknown}
 r - a potion of invisibility {unknown}
 s - a potion of heal wounds {unknown}
 t - 2 potions of mutation {unknown}


   Skills:
 * Level 4.7 Fighting
 * Level 4.1 Axes
 - Level 6.0 Throwing
 - Level 3.0 Dodging
 - Level 3.1 Shields


You had 6 spell levels left.
You didn't know any spells.
Your spell library was empty.

Dungeon Overview and Level Annotations

Branches:
Dungeon (5/15)            Ossuary (visited)
 Temple: D:4-7

Altars:
Gozag
Qazlal
Sif Muna

Shops:
D:2 (   D:3 ?[:[   D:4 *

Annotations:
D:4 2 transporters


Innate Abilities, Weirdness & Mutations

You cannot wear most types of armour.
You are amphibious.
You can wear up to eight rings at the same time.
Your skin changes colour to match your surroundings (Stealth+).
Your rubbery body absorbs attacks. (AC +1, EV +1)
((You are camouflaged near water. (Stealth+)))
You have tentacles for arms and can constrict up to eight enemies at once.


Message History

You kill the gnoll!
No target in view!
No target in view!
You start waiting.
You start waiting.
Done waiting.
You fly downwards.
The gnoll closely misses you.
There is a stone staircase leading up here.
The gnoll hits you with a +0 spear.
You barely miss the gnoll. You grab the gnoll. You squeeze the gnoll!
The gnoll is almost dead.
You constrict the gnoll.
You kill the gnoll!
The gnoll shaman mumbles some strange prayers to its god against you.
You are outlined in light.
There is a stone staircase leading up here.
There are no items here.
You completely miss the gnoll. You grab the gnoll. You squeeze the gnoll!
The gnoll is severely wounded.
You constrict the gnoll. The gnoll hits you with a +0 flail.
The gnoll hits you from afar with a +0 spear.
You hit the gnoll.
You kill the gnoll!
You slash the gnoll shaman! The gnoll barely misses you.
The gnoll shaman hits you with a +0 club.
You hit the gnoll shaman. You grab the gnoll shaman.
The gnoll shaman is heavily wounded.
You constrict the gnoll shaman.
The gnoll shaman hits you with a +0 club!
The gnoll hits you from afar with a +0 spear.
The gnoll barely misses you.
The gnoll shaman hits you with a +0 club.
* * * LOW HITPOINT WARNING * * *
The adder bites you.
* * * LOW HITPOINT WARNING * * *
You release your grip on the gnoll shaman.
The adder bites you.
* * * LOW HITPOINT WARNING * * *
The gnoll hits you from afar with a +0 spear!
You die...

#.. #. .#
..........##.#
.......#.......
.......#..##..#
..........#...##
...............# #
...............##....
#.........S@)g......
##..........g....#..
#.............####
#................#
...#......).#.....#
........)[####.....#
.....##..... ....##
..##. #..#......... .
. #..#####.....


You could see a gnoll shaman, a gnoll and an adder.

Vanquished Creatures
  A wraith (Ossuary)
  A black bear (D:4)
  An elf zombie (Ossuary)
  A scorpion (D:5)
  A howler monkey (D:4)
  2 orc wizards
  3 mummies (Ossuary)
  6 adders
  7 gnolls
  A shadow imp (D:5)
  An ufetubus (D:3)
  2 worms
  2 dart slugs
  6 orcs
  2 endoplasms
  3 giant cockroaches
  12 goblins
  4 hobgoblins
  7 jackals
  7 quokkas
  5 ball pythons
  3 bats
  2 frilled lizards
  2 goblin zombies (Ossuary)
  4 hobgoblin zombies (Ossuary)
  4 kobolds
  4 kobold zombies (Ossuary)
  2 rats
96 creatures vanquished.

Notes
Turn   | Place    | Note
-------+----------+-------------------------------------------
     0 | D:1      | Zeld the Octopode Fighter began the quest for the Orb.
     0 | D:1      | Reached XP level 1. HP: 16/16 MP: 1/1
   128 | D:1      | Reached XP level 2. HP: 21/21 MP: 2/2
   446 | D:1      | Found a faded altar of an unknown god.
   776 | D:2      | Reached XP level 3. HP: 27/27 MP: 3/3
   974 | D:2      | Found Ewoytyr's Weapon Emporium.
  1128 | D:2      | Reached XP level 4. HP: 33/33 MP: 4/4
  1851 | D:3      | Found Qyapruk's Book Emporium.
  2056 | D:3      | Found Cigacirgh's Antique Armour Boutique.
  2059 | D:3      | Found a shimmering blue altar of Sif Muna.
  2091 | D:3      | Reached skill level 1 in Throwing
  2188 | D:3      | Found Qaefiodgh's Magic Scroll Emporium.
  2194 | D:3      | Bought a scroll of identify for 22 gold pieces
  2194 | D:3      | Bought a scroll of identify for 22 gold pieces
  2194 | D:3      | Bought a scroll of identify for 22 gold pieces
  2194 | D:3      | Bought a scroll of identify for 22 gold pieces
  2194 | D:3      | Bought a scroll of teleportation for 33 gold pieces
  2234 | D:3      | Reached XP level 5. HP: 21/37 MP: 5/5
  2445 | D:3      | Found Puopn's Armour Shop.
  2564 | D:3      | Reached skill level 2 in Throwing
  2790 | D:3      | Bought a scroll of teleportation for 33 gold pieces
  2828 | D:4      | Found a sand-covered staircase.
  2837 | Ossuary  | Entered an ossuary
  2837 | Ossuary  | Noticed a wraith
  2837 | Ossuary  | Noticed a wraith
  2837 | Ossuary  | Noticed a wraith
  3658 | Ossuary  | Reached skill level 3 in Throwing
  4058 | Ossuary  | Noticed a wraith
  4324 | Ossuary  | Reached XP level 6. HP: 43/43 MP: 6/6
  4673 | Ossuary  | Killed a wraith
  4674 | Ossuary  | Reached skill level 5 in Throwing
  5002 | D:4      | Found an opulent altar of Gozag.
  5004 | D:4      | Noticed a brown ugly thing
  5006 | D:4      | Found a transporter.
  5240 | D:4      | Noticed an air elemental
  5241 | D:4      | Found a stormy altar of Qazlal.
  5245 | D:4      | Noticed a fire elemental
  5670 | D:3      | Reached XP level 7. HP: 44/48 MP: 7/7
  6076 | D:4      | Found Xeanis's General Store.
  6195 | D:4      | Reached skill level 6 in Throwing
  6456 | D:4      | Noticed a water elemental
  6539 | D:4      | Found a transporter.
  6574 | D:5      | Entered Level 5 of the Dungeon
  7221 | D:5      | Slain by a gnoll

Illustrated notes

Levels and vault maps discovered:
D:1:      wander_arrival_fairy_ring, layout_rooms,
          shapermc_ecumenical_altar_mp_urbaneastern
D:2:      layout_loops_corners, serial_shops, shop, minmay_pentomino_o4
D:3:      layout_basic, overflow_temple_1_default, serial_shops,
          nicolae_shop_window_shopping, shop, shop, shop
D:4:      layout_loops_ring, gammafunk_temple_overflow_arena,
          nicolae_qazlal_style_of_elements, enter_ossuary_1, serial_shops,
          nicolae_shop_window_shopping, glass_columns_a
D:5:      layout_cave_pools, serial_glass, glass_columns_b, glass_columns_a,
          glass_columns_b

Skill      XL: |  1  2  3  4  5  6  7 |
---------------+----------------------+-----
Axes           | 3 4 |  4.1
Fighting       | 4 |  4.7
Throwing       | 1 3 5 6 |  6.0
Dodging        | |  3.0
Shields        | |  3.1

Action                   |  1- 3 |  4- 6 |  7- 9 || total
-------------------------+-------+-------+-------++-------
Melee: War axe           |    45 |    98 |    25 ||   168
       Constrict         |    12 |    21 |    10 ||    43
       Tentacles         |     3 |    16 |     6 ||    25
Throw: Dart              |       |       |     5 ||     5
  Use: Scroll            |       |    10 |       ||    10
       Potion            |       |     1 |     1 ||     2
 Stab: Sleeping          |     8 |     7 |     1 ||    16
Armor: Skin              |     7 |     6 |     2 ||    15
Dodge: Dodged            |    30 |    79 |    16 ||   125

Table legend: (Time is in decaauts)
 A = Elapsed time spent in this place.
 B = Non-inter-level travel time spent in this place.
 C = Inter-level travel time spent in this place.
 D = Time resting spent in this place.
 E = Time spent auto-exploring this place.
 F = Levels seen in this place.
 G = Mean time per level.
                   A        B        C        D        E       F      G
               +--------+--------+--------+--------+--------+-----+--------+
         Total |   7277 |   7066 |    211 |   2446 |   3840 |   6 | 1212.8 |
       Dungeon |   5256 |   5045 |    211 |   1212 |   3253 |   5 | 1051.2 |
       Ossuary |   2020 |   2020 |      0 |   1234 |    587 |   1 | 2020.0 |
               +--------+--------+--------+--------+--------+-----+--------+

Top non-repeatable levels by time:
 Ossuary: 2020 daAuts
     D:4: 1731 daAuts
     D:3: 1627 daAuts
     D:2: 1254 daAuts
     D:1: 590 daAuts
     D:5: 52 daAuts
